[Event "Titled Tuesday Blitz February 22 Late 2022"]
[White "Ansh M Shah"]
[Black "Peterson, Eric"]
[WhiteFideId "25033379"]
[BlackFideId "14908395"]
[WhiteElo "1819"]
[BlackElo "2195"]
[Result "1-0"]
[Round "08"]
[TimeControl "180+1"]
[Date "2022.02.23"]
[WhiteClock "0:00:12"]
[BlackClock "0:00:25"]

1. d4 e6 2. c4 d5 3. Nf3 Nf6 4. g3 Be7 5. Bg2 O-O 6. O-O dxc4 7. Nbd2 b5 8. Ne5 Nd5 9. e4 Nb6 10. Ndf3 Bb7 11. Re1 c5 12. dxc5 Qxd1 13. Rxd1 Bxc5 14. Nd4 a6 15. Be3 Rc8 16. Rac1 Kf8 17. b3 cxb3 18. axb3 Ke7 19. Rxc5 Rxc5 20. Nf5+ exf5 21. Bxc5+ Kf6 22. exf5 Bxg2 23. Kxg2 Kxe5 24. Bxb6 Nc6 25. Rd7 Rb8 26. Bc5 Kxf5 27. Rxf7+ Kg6 28. Rc7 Ne5 29. Bd6 Re8 30. Bxe5 Rxe5 31. Rc6+ Kf5 32. Rxa6 Rd5 33. Rb6 h5 34. h4 g6 35. Rb8 Ke5 36. Rg8 Kf5 37. Rf8+ Ke5 38. Rf3 Rd4 39. Rc3 Rb4 40. Rc6 Kf5 41. Rc5+ Kf6 42. Rc3 Ke5 43. Kf3 Kf5 44. Rc5+ Kf6 45. Rc3 Ke5 46. Re3+ Kf5 47. Kg2 Kf6 48. f3 Kf5 49. Kh3 Kf6 50. g4 hxg4+ 51. fxg4 Kg7 52. Kg3 Kf6 53. Rc3 Ke6 54. Rc6+ Kf7 55. Rc7+ Kf6 56. Rc6+ Kf7 57. Rc3 Kf6 58. Rf3+ Ke6 59. g5 Ke7 60. Kh3 Ke8 61. Re3+ Kf7 62. Kg3 Kg7 63. Re7+ Kf8 64. Re3 Kg7 65. Rc3 Kf7 66. Rc7+ Kf8 67. Rc3 Kf7 68. Rf3+ Kg7 69. Kh3 Kg8 70. Rc3 Kg7 71. Rc7+ Kf8 72. Rc3 Kf7 73. Kg3 Kg7 74. Kh3 Kf7 75. Rf3+ Kg7 76. Rd3 Kf7 77. Kg3 Kg7 78. Rd7+ Kf8 79. Rb7 Rxb3+ 80. Kf4 Rb4+ 81. Ke5 Rxh4 82. Kf6 Rf4+ 83. Kxg6 Rc4 84. Rb8+ Ke7 85. Rxb5 Rf4 86. Kg7 Rg4 87. g6 Rg1 88. Re5+ Kd6 89. Re2 Kd7 90. Kf8 Rf1+ 91. Kg8 Rg1 92. g7 Rg4 93. Rh2 Ke7 94. Kh7 Kf7 95. Rf2+ Ke7 96. Rh2 Rg3 97. g8=Q Rxg8 98. Kxg8 Ke6 99. Rg2 Kf6 100. Rg7 Kf5 101. Rf7+ Ke6 102. Kg7 Ke5 103. Rf6 Ke4 104. Kg6 Ke5 105. Rf5+ Ke6 106. Kg5 Kd6 107. Kf4 Ke6 108. Re5+ Kf6 109. Re4 Kf7 110. Kf5 Kg7 111. Re7+ Kh6 112. Rd7 1-0


[Site "https://www.chess.com"]

[Event "Titled Tuesday Blitz February 22 Late 2022"]
[White "Antonio, Jorge Carlos"]
[Black "Jimenez Almeida, Luis David"]
[WhiteFideId "113190"]
[BlackFideId "22242244"]
[WhiteElo "2247"]
[BlackElo "2092"]
[Result "0-1"]
[Round "08"]
[TimeControl "180+1"]
[Date "2022.02.23"]
[WhiteClock "0:01:17"]
[BlackClock "0:00:52"]

1. d4 Nf6 2. Nf3 g6 3. c4 Bg7 4. Nc3 O-O 5. e4 d6 6. Be2 e5 7. O-O Nc6 8. d5 Ne7 9. Ne1 Nd7 10. Be3 f5 11. f3 f4 12. Bf2 g5 13. Rc1 Nf6 14. c5 h5 15. cxd6 cxd6 16. Nb5 Ne8 17. Qc2 g4 18. Nc7 g3 19. hxg3 fxg3 20. Bxg3 Rb8 21. Ne6 Bxe6 22. dxe6 Ng6 23. Bc4 Kh7 24. e7 Qxe7 25. Bd5 Qg5 26. Bh2 Nf6 27. Nd3 Nh4 28. Qf2 Nxd5 29. exd5 e4 30. f4 Qg4 31. Ne1 Nf5 32. Rc7 Kh6 33. Qxa7 Bd4+ 34. Qxd4 Nxd4 0-1


[Site "https://www.chess.com"]

[Event "Titled Tuesday Blitz February 22 Late 2022"]
[White "Aradhya, Garg"]
[Black "Sarkar, Justin"]
[WhiteFideId "25006746"]
[BlackFideId "2010011"]
[WhiteElo "2169"]
[BlackElo "2038"]
[Result "1-0"]
[Round "08"]
[TimeControl "180+1"]
[Date "2022.02.23"]
[WhiteClock "0:02:21"]
[BlackClock "0:00:02"]

1. d4 Nf6 2. c4 e6 3. Nf3 b6 4. a3 Bb7 5. Nc3 d5 6. cxd5 Nxd5 7. Qc2 Be7 8. e4 Nxc3 9. bxc3 O-O 10. Bd3 c5 11. O-O Nc6 12. d5 exd5 13. exd5 Qxd5 14. Bxh7+ Kh8 15. Be4 Qd7 16. Rd1 Qc7 17. Ng5 Bxg5 18. Bxg5 f6 19. Bh4 Ne5 20. Bg3 Bxe4 21. Qxe4 Qc6 22. Rd5 Rae8 23. Rad1 Kg8 24. h4 Nf7 25. Qg6 Ne5 26. Bxe5 1-0


[Site "https://www.chess.com"]

[Event "Titled Tuesday Blitz February 22 Late 2022"]
[White "Araujo Filho, Luiz Antonio Coel"]
[Black "Mikheev, Stanislav"]
[WhiteFideId "2130661"]
[BlackFideId "4135920"]
[WhiteElo "2230"]
[BlackElo "2249"]
[Result "0-1"]
[Round "08"]
[TimeControl "180+1"]
[Date "2022.02.23"]
[WhiteClock "0:00:10"]
[BlackClock "0:01:57"]

1. d4 Nf6 2. Nf3 g6 3. c4 Bg7 4. Nc3 d5 5. cxd5 Nxd5 6. e4 Nxc3 7. bxc3 c5 8. Be3 Qa5 9. Qd2 O-O 10. Be2 Rd8 11. O-O cxd4 12. Nxd4 e5 13. Bg5 f6 14. Bc4+ Kh8 15. Nb3 Rxd2 16. Nxa5 fxg5 17. Rad1 Rd7 18. Be6 Rxd1 19. Rxd1 Bxe6 20. Rd8+ Bg8 21. Nxb7 Bf6 22. Rc8 Kg7 23. Nd6 Be6 24. Ne8+ Kf7 25. Nd6+ Ke7 0-1


[Site "https://www.chess.com"]

[Event "Titled Tuesday Blitz February 22 Late 2022"]
[White "Ardila, Oscar Humberto"]
[Black "Toncheva, Nadya"]
[WhiteFideId "4404742"]
[BlackFideId "2924056"]
[WhiteElo "1898"]
[BlackElo "1920"]
[Result "0-1"]
[Round "08"]
[TimeControl "180+1"]
[Date "2022.02.23"]
[WhiteClock "0:00:03"]
[BlackClock "0:00:23"]

1. d4 Nf6 2. c4 e6 3. Nc3 c5 4. d5 exd5 5. cxd5 d6 6. e4 g6 7. h3 Bg7 8. Nf3 O-O 9. Bd3 Re8 10. O-O c4 11. Bc2 b5 12. a3 a6 13. Bf4 Qc7 14. Re1 Nbd7 15. Qd2 Bb7 16. Rad1 Rad8 17. Re2 Nc5 18. Rde1 Re7 19. e5 dxe5 20. Bxe5 Qc8 21. d6 Bxf3 22. dxe7 Rxd2 23. Rxd2 Ne8 24. Rd8 Qc6 25. gxf3 Ne6 26. Be4 Nxd8 27. exd8=Q Qe6 28. Bxg7 Kxg7 29. Qd5 Qxh3 30. Qe5+ Nf6 31. Qg3 Qe6 32. Rd1 h5 33. Nd5 Nxe4 34. fxe4 Qxe4 35. Ne3 h4 36. Qg2 Qf4 37. Qd5 Kh7 38. Qd4 Qg5+ 39. Qg4 Qf6 40. Kg2 Qc6+ 41. Qf3 Qf6 42. Rg1 h3+ 43. Kh2 Qxf3 44. Rg3 Qxf2+ 45. Kxh3 Qxb2 46. Ng4 c3 47. Nf6+ Kh8 48. Ne8 c2 49. Kg4 c1=Q 50. Rh3+ Kg8 0-1


[Site "https://www.chess.com"]

[Event "Titled Tuesday Blitz February 22 Late 2022"]
[White "Avila Pavas, Santiago"]
[Black "Dreev, Aleksey"]
[WhiteFideId "4437128"]
[BlackFideId "4100107"]
[WhiteElo "2242"]
[BlackElo "2636"]
[Result "0-1"]
[Round "08"]
[TimeControl "180+1"]
[Date "2022.02.22"]
[WhiteClock "0:02:02"]
[BlackClock "0:02:20"]

1. d4 d5 2. Bf4 c5 3. e3 cxd4 4. exd4 Nc6 5. c3 Bf5 6. Nf3 e6 7. Qb3 Qd7 8. Nbd2 f6 9. Nh4 g5 10. g4 Bxg4 11. Rg1 Bh5 12. Bxg5 fxg5 13. Rxg5 Nf6 14. Bh3 Bh6 15. Ne4 Bxg5 16. Nxg5 O-O-O 17. Bxe6 Rhe8 0-1


[Site "https://www.chess.com"]

[Event "Titled Tuesday Blitz February 22 Late 2022"]
[White "Batsiashvili, Nino"]
[Black "Pinheiro, Iung Alicio de O."]
[WhiteFideId "13602993"]
[BlackFideId "2104350"]
[WhiteElo "2230"]
[BlackElo "2588"]
[Result "0-1"]
[Round "08"]
[TimeControl "180+1"]
[Date "2022.02.23"]
[WhiteClock "0:00:01"]
[BlackClock "0:00:13"]

1. d4 Nf6 2. c4 g6 3. Nc3 d5 4. cxd5 Nxd5 5. e4 Nxc3 6. bxc3 Bg7 7. Nf3 c5 8. h3 O-O 9. Be2 cxd4 10. cxd4 Nc6 11. e5 Be6 12. O-O Bd5 13. Be3 Qd7 14. Nd2 f6 15. f4 Rfd8 16. Qb1 e6 17. Qb2 Rac8 18. Rac1 Qe7 19. Bf3 Qb4 20. Qa1 f5 21. Rb1 Qa3 22. Rfe1 b6 23. Bxd5 Rxd5 24. Rb3 Qa4 25. Nf3 Ne7 26. Rc1 Rdd8 27. Rbc3 Qd7 28. Qb2 Nd5 29. Rxc8 Rxc8 30. Bd2 Bh6 31. g3 Bf8 32. Kf2 a6 33. g4 Rxc1 34. Qxc1 Qc7 35. Qxc7 Nxc7 36. gxf5 gxf5 37. Ke3 Be7 38. Kd3 Nd5 39. Ne1 Kf7 40. a4 Ke8 41. Nc2 Kd7 42. Kc4 Kc6 43. Ne1 b5+ 44. axb5+ axb5+ 45. Kd3 Bd8 46. Nf3 Be7 47. h4 h5 48. Ng5 Kd7 49. Bc1 Nb4+ 50. Ke3 Nd5+ 51. Kd3 Bd8 52. Bd2 Bb6 53. Nf3 Bd8 54. Ng5 Bxg5 55. fxg5 Ne7 56. Ke3 Kc6 0-1


[Site "https://www.chess.com"]

[Event "Titled Tuesday Blitz February 22 Late 2022"]
[White "Berdychevskaya, Natasha"]
[Black "Levine, David"]
[WhiteFideId "4159322"]
[BlackFideId "2011611"]
[WhiteElo "1780"]
[BlackElo "2162"]
[Result "1-0"]
[Round "08"]
[TimeControl "180+1"]
[Date "2022.02.23"]
[WhiteClock "0:00:20"]
[BlackClock "0:00:01"]

1. Nf3 Nf6 2. g3 g6 3. Bg2 Bg7 4. O-O O-O 5. d4 d6 6. c4 Nbd7 7. Nc3 e5 8. e3 Re8 9. Re1 c6 10. Qb3 Nb6 11. c5 exd4 12. cxb6 dxc3 13. bxa7 cxb2 14. Bxb2 Rxa7 15. Rad1 d5 16. Bd4 Ra8 17. Qb2 Nh5 18. Ne5 Qa5 19. Re2 Bg4 20. f3 Be6 21. g4 Nf6 22. Nd3 Qd8 23. Qxb7 Nd7 24. Bxg7 Kxg7 25. Qxc6 Ra3 26. Nf4 Nf6 27. g5 Nh5 28. Nxd5 Qxg5 29. Nc3 Rc8 30. Ne4 Qxg2+ 31. Kxg2 Rxc6 32. Kf2 Nf6 33. Nxf6 Kxf6 34. Rdd2 Rca6 35. Kg3 Rxa2 36. Kf4 Rxd2 37. Rxd2 Ra2 38. Rxa2 Bxa2 39. e4 h6 40. h4 Ke6 41. Kg4 Bc4 42. Kf4 Be2 43. Ke3 Bd1 44. Kf4 f6 45. Ke3 g5 46. hxg5 fxg5 47. f4 gxf4+ 48. Kxf4 Be2 49. Ke3 Bh5 50. Kf4 Kf6 51. Kg3 Ke5 52. Kh4 1-0


[Site "https://www.chess.com"]

[Event "Titled Tuesday Blitz February 22 Late 2022"]
[White "Briscoe, Chris"]
[Black "Calcada, Lucas Galvan"]
[WhiteFideId "408360"]
[BlackFideId "22746099"]
[WhiteElo "2111"]
[BlackElo "1402"]
[Result "1-0"]
[Round "08"]
[TimeControl "180+1"]
[Date "2022.02.23"]
[WhiteClock "0:00:31"]
[BlackClock "0:00:22"]

1. e4 c5 2. Nf3 d6 3. d4 cxd4 4. Nxd4 Nf6 5. Nc3 a6 6. Bg5 e6 7. f4 Qc7 8. Bd3 Be7 9. Qe2 Nbd7 10. O-O-O b5 11. Rhe1 Bb7 12. e5 dxe5 13. fxe5 Nd5 14. Ne4 Qxe5 15. Bxe7 Nxe7 16. Nxb5 Qf4+ 17. Kb1 O-O 18. Nbd6 Rab8 19. Rf1 Qe5 20. Nc4 Qc7 21. Ng5 h6 22. Nxe6 fxe6 23. Qxe6+ Kh8 24. Qxe7 Bd5 25. Rxf8+ Rxf8 26. Ne3 Bg8 27. Be2 Qa5 28. Nc4 1-0


[Site "https://www.chess.com"]

[Event "Titled Tuesday Blitz February 22 Late 2022"]
[White "Brunner, Nicolas"]
[Black "Thomas, Anysia"]
[WhiteFideId "620246"]
[BlackFideId "670472"]
[WhiteElo "2372"]
[BlackElo "2002"]
[Result "1/2-1/2"]
[Round "08"]
[TimeControl "180+1"]
[Date "2022.02.23"]
[WhiteClock "0:00:16"]
[BlackClock "0:00:05"]

1. d4 Nf6 2. c4 g6 3. Nf3 Bg7 4. Nc3 d5 5. Bg5 Ne4 6. Bh4 Nxc3 7. bxc3 dxc4 8. Qa4+ Qd7 9. Qxc4 b6 10. e3 Ba6 11. Qb3 Bxf1 12. Kxf1 c5 13. Ke2 O-O 14. Rhd1 Nc6 15. dxc5 Qb7 16. cxb6 Qa6+ 17. Rd3 axb6 18. Rb1 e5 19. Nd2 e4 20. Nxe4 Ne5 21. Qb5 Nxd3 22. Qxa6 Rxa6 23. Kxd3 Rxa2 24. Rxb6 Rc8 25. c4 h6 26. Nd6 Rca8 27. c5 R8a3+ 28. Kc4 Rc3+ 29. Kd5 Rd2+ 30. Kc6 Bf8 31. Bg3 Rdc2 32. Rb5 Rc1 33. Be5 R3c2 34. Bg3 h5 35. h4 Rc3 36. Be5 R3c2 37. Bg3 Rc3 38. Be5 R3c2 39. Bg3 1/2-1/2


[Site "https://www.chess.com"]

[Event "Titled Tuesday Blitz February 22 Late 2022"]
[White "Cardoso Cardoso, Jose Gabriel"]
[Black "Vovk, Orest"]
[WhiteFideId "4430492"]
[BlackFideId "14113490"]
[WhiteElo "2451"]
[BlackElo "2203"]
[Result "1-0"]
[Round "08"]
[TimeControl "180+1"]
[Date "2022.02.22"]
[WhiteClock "0:00:06"]
[BlackClock "0:00:32"]

1. Nf3 h6 2. e4 g5 3. d4 Bg7 4. c3 d6 5. Bc4 c6 6. a4 Nd7 7. Qe2 Nf8 8. e5 Be6 9. Nbd2 Bxc4 10. Nxc4 d5 11. Ne3 e6 12. h4 gxh4 13. Nxh4 Ne7 14. Ng4 Nfg6 15. Nxg6 Nxg6 16. Rh5 Qb6 17. a5 Qc7 18. b4 O-O-O 19. Be3 Ne7 20. Kd2 Nf5 21. Rah1 c5 22. bxc5 Qxa5 23. Qd3 b6 24. cxb6 axb6 25. Ke2 Kb7 26. Rxf5 exf5 27. Qxf5 Qxc3 28. Qxf7+ Qc7 29. Qg6 Qc4+ 30. Kf3 Rdf8+ 31. Kg3 Bxe5+ 32. dxe5 Rhg8 33. Qh7+ Kb8 34. f3 Rxg4+ 35. fxg4 Qc3 36. Qxh6 Qb4 37. Qxb6+ Qxb6 38. Bxb6 Kb7 39. Bc5 Rc8 40. Bd6 Rc3+ 41. Kf4 d4 42. Rd1 d3 43. Ke3 Rc4 44. Rxd3 Rxg4 45. Kf3 Rg8 46. Rc3 Rc8 47. Rxc8 1-0


[Site "https://www.chess.com"]

[Event "Titled Tuesday Blitz February 22 Late 2022"]
[White "Carlsson, Ludvig"]
[Black "Zlatin, Alexander"]
[WhiteFideId "1727010"]
[BlackFideId "2810549"]
[WhiteElo "2178"]
[BlackElo "2228"]
[Result "1-0"]
[Round "08"]
[TimeControl "180+1"]
[Date "2022.02.23"]
[WhiteClock "0:00:40"]
[BlackClock "0:00:03"]

1. Nf3 Nf6 2. c4 e6 3. Nc3 d5 4. d4 c5 5. cxd5 exd5 6. g3 Nc6 7. Bg2 Be7 8. O-O c4 9. Ne5 O-O 10. Bg5 Be6 11. Nxc6 bxc6 12. b3 cxb3 13. axb3 a5 14. Rc1 h6 15. Bf4 Ba3 16. Rc2 Bf5 17. Ra2 Bb4 18. Na4 Qe7 19. Qc1 Ra6 20. Nc5 Bxc5 21. Qxc5 Qxc5 22. dxc5 Ne4 23. Ra3 Rfa8 24. Bxe4 Bxe4 25. Rfa1 Bc2 26. R1a2 Bf5 27. f3 R8a7 28. g4 Bg6 29. Bd2 f5 30. h3 fxg4 31. hxg4 d4 32. Bxa5 Bf7 33. Kf2 Bxb3 34. Rxb3 Rxa5 35. Rd2 Rxc5 36. Rxd4 Re7 37. e4 Rc1 38. Rd6 c5 39. Rc6 Rd7 40. Kg3 c4 41. Rb4 c3 42. Rbc4 Rd3 43. Kg2 Rc2+ 44. Kg3 Rc1 45. Rc8+ Kh7 46. R4c7 Rf1 47. Rf8 Rg1+ 48. Kf2 Rgd1 49. Rff7 R3d2+ 50. Ke3 c2 51. Rxg7+ Kh8 52. Rge7 Rd8 53. Rxc2 R1d3+ 54. Ke2 R3d6 55. Re5 Rf8 56. Rf5 Re8 57. Rc7 Red8 58. Kf2 Rd2+ 59. Kg3 R2d6 60. Rff7 Rb6 61. Rh7+ Kg8 62. Rcg7+ Kf8 63. Rh8+ Kxg7 64. Rxd8 Rb1 65. Rd5 Rg1+ 66. Kf4 Rf1 67. Rh5 Rb1 68. g5 hxg5+ 69. Rxg5+ Kf6 70. Ra5 Rb4 71. Ra6+ Kf7 72. Kf5 Rb3 73. f4 Rb1 74. e5 Rf1 75. Ra7+ Kf8 76. e6 Ke8 77. Ke5 Re1+ 78. Kf6 Kd8 79. e7+ Kc8 80. e8=R+ Rxe8 81. Ra8+ Kd7 82. Rxe8 Kxe8 83. Kg7 Ke7 84. f5 1-0


[Site "https://www.chess.com"]

[Event "Titled Tuesday Blitz February 22 Late 2022"]
[White "Csonka, Balazs"]
[Black "Tomiello, Mateus Costamilan"]
[WhiteFideId "742910"]
[BlackFideId "22701958"]
[WhiteElo "2404"]
[BlackElo "1975"]
[Result "1-0"]
[Round "08"]
[TimeControl "180+1"]
[Date "2022.02.23"]
[WhiteClock "0:00:02"]
[BlackClock "0:00:01"]

1. e4 e5 2. Nf3 Nc6 3. Bb5 Nf6 4. O-O Nxe4 5. d4 Nd6 6. Bxc6 dxc6 7. dxe5 Nf5 8. Qxd8+ Kxd8 9. h3 Ke8 10. Nc3 Be6 11. b3 Bb4 12. Ne2 Bd5 13. Ne1 Nh4 14. c3 Bc5 15. Bg5 Ng6 16. Nd3 Bb6 17. Ng3 h6 18. Bc1 Rd8 19. Rd1 Be6 20. Bb2 h5 21. c4 h4 22. Ne4 Bf5 23. Ndc5 Bxc5 24. Nxc5 b6 25. Na6 Rd7 26. e6 fxe6 27. Nb8 Rxd1+ 28. Rxd1 c5 29. Nc6 Be4 30. Rd8+ Kf7 31. Rd7+ Ke8 32. Rd8+ Kf7 33. Ne5+ Nxe5 34. Rxh8 Nd3 35. Ba1 Nf4 36. f3 Bb1 37. Rc8 Bxa2 38. Rxc7+ Ke8 39. Rxg7 Bxb3 40. Rxa7 Bxc4 41. Bf6 Nd5 42. Bxh4 b5 43. Bf2 b4 44. Bxc5 b3 45. Ba3 Nf4 46. h4 Nd3 47. Rb7 Bd5 48. Rb8+ Kf7 49. h5 Kg7 50. Rb5 Bc4 51. Rb7+ Kh6 52. g4 Bd5 53. Bf8+ Kg5 54. Rb6 Bxf3 55. h6 Be4 56. Rxe6 b2 57. Rb6 Kxg4 58. Bg7 Bh7 59. Bxb2 Nxb2 60. Rxb2 Kg5 61. Rh2 Kg6 62. Kf2 Kf7 63. Ke3 Kg8 64. Kf4 Bg6 65. Kg5 Kh7 66. Rb2 Be4 67. Rb4 Bd5 68. Rd4 Be6 69. Rd6 Bb3 70. Rc6 Ba2 71. Rc7+ Kh8 72. h7 Bd5 73. Kh6 1-0


[Site "https://www.chess.com"]

[Event "Titled Tuesday Blitz February 22 Late 2022"]
[White "De Souza, Cristiano Gomes"]
[Black "Bauer, Thomas"]
[WhiteFideId "2151758"]
[BlackFideId "1639293"]
[WhiteElo "2068"]
[BlackElo "2220"]
[Result "1/2-1/2"]
[Round "08"]
[TimeControl "180+1"]
[Date "2022.02.23"]
[WhiteClock "0:00:14"]
[BlackClock "0:00:12"]

1. d4 c6 2. c4 d5 3. Nc3 e6 4. Nf3 Nd7 5. e4 dxe4 6. Nxe4 Ngf6 7. Bd3 Nxe4 8. Bxe4 Nf6 9. Bc2 Bb4+ 10. Bd2 Qb6 11. Rb1 a5 12. a3 Bxd2+ 13. Qxd2 a4 14. O-O O-O 15. Rfe1 h6 16. Qc3 Rd8 17. Rbd1 Bd7 18. Ne5 Be8 19. h3 c5 20. dxc5 Qxc5 21. Qe3 Rxd1 22. Rxd1 Qc7 23. f4 Bc6 24. Qc5 Nh5 25. Nxc6 bxc6 26. Qxh5 Qb6+ 27. Kh2 Qxb2 28. Rd7 Rf8 29. Qe2 Qxa3 30. Qd2 g6 31. Ra7 Qb2 32. Rxa4 h5 33. Rb4 Qa2 34. Qc3 Rd8 35. Rb7 Qa6 36. Qf6 Qxb7 37. Qxd8+ Kg7 38. Qd4+ Kf8 39. Be4 Qc7 40. Qe5 Qd7 41. c5 h4 42. Qd6+ Qxd6 43. cxd6 c5 44. Bc6 c4 45. Ba4 c3 46. g3 hxg3+ 47. Kxg3 f6 48. h4 e5 49. fxe5 fxe5 50. Kf3 Kf7 51. Ke4 Ke6 52. d7 c2 53. Bxc2 Kxd7 54. Kxe5 Ke7 55. Bxg6 Kf8 56. Kf6 Kg8 57. h5 Kh8 58. h6 Kg8 59. Bf5 Kh8 60. Be6 Kh7 61. Kg5 Kh8 62. Bf5 Kg8 63. Bg6 Kh8 64. Bh5 Kg8 65. Kf6 Kh8 66. Kg5 Kh7 67. Bg6+ Kh8 68. h7 Kg7 69. Kh5 Kh8 70. Kh6 1/2-1/2


[Site "https://www.chess.com"]

[Event "Titled Tuesday Blitz February 22 Late 2022"]
[White "Deac, Bogdan-Daniel"]
[Black "Lenderman, Aleksandr"]
[WhiteFideId "1226380"]
[BlackFideId "2021285"]
[WhiteElo "2646"]
[BlackElo "2651"]
[Result "1-0"]
[Round "08"]
[TimeControl "180+1"]
[Date "2022.02.22"]
[WhiteClock "0:00:10"]
[BlackClock "0:00:07"]

1. d4 e6 2. Nf3 d5 3. c4 a6 4. cxd5 exd5 5. Nc3 c6 6. Qb3 Be7 7. e4 Nf6 8. e5 Ne4 9. Bd3 Nxc3 10. bxc3 b5 11. a4 Bb7 12. O-O Nd7 13. Qc2 Nf8 14. Nd2 b4 15. cxb4 Bxb4 16. f4 Ne6 17. Nb3 c5 18. dxc5 Rc8 19. Ba3 Bxa3 20. Rxa3 Qe7 21. Bf5 d4 22. Qc4 O-O 23. Raa1 Rfd8 24. Bxe6 fxe6 25. Nxd4 Rxc5 26. Qxe6+ Kf8 27. Qxe7+ Kxe7 28. Nf5+ Ke6 29. Nxg7+ Kf7 30. Nf5 Rc2 31. Rf2 Rxf2 32. Kxf2 Ke6 33. Nd6 Bd5 34. Re1 Rb8 35. f5+ Kd7 36. g4 Rb4 37. Kg3 h6 38. Rd1 Rb3+ 39. Kf2 Kc6 40. Rd4 Rf3+ 41. Ke2 Rh3 42. Ne8 Rxh2+ 43. Ke1 Rh1+ 44. Kf2 Rh2+ 45. Kg3 Rg2+ 46. Kh3 Re2 47. Nf6 Bg2+ 48. Kg3 Bf1 49. Rd6+ Kc5 50. Nd7+ Kb4 51. e6 Re3+ 52. Kf4 Re1 53. Ne5 Kxa4 54. e7 Bb5 55. Rd5 Be8 56. Rd8 Rf1+ 57. Kg3 Bb5 58. Rb8 Rg1+ 59. Kf2 Rf1+ 60. Kg2 Re1 61. Rxb5 axb5 62. e8=Q Ka3 63. f6 h5 64. Nc4+ Ka2 65. Qxe1 b4 66. f7 h4 67. f8=Q b3 68. Kh2 h3 69. Qa3# 1-0


[Site "https://www.chess.com"]

[Event "Titled Tuesday Blitz February 22 Late 2022"]
[White "Dubov, Daniil"]
[Black "Terry, Renato"]
[WhiteFideId "24126055"]
[BlackFideId "3803457"]
[WhiteElo "2791"]
[BlackElo "2577"]
[Result "1/2-1/2"]
[Round "08"]
[TimeControl "180+1"]
[Date "2022.02.22"]
[WhiteClock "0:00:04"]
[BlackClock "0:00:10"]

1. d4 e6 2. Nf3 Nf6 3. c4 Bb4+ 4. Nbd2 a5 5. g3 b6 6. Bg2 Bb7 7. O-O O-O 8. Qc2 Bxd2 9. Bxd2 d6 10. Rfe1 Be4 11. Qd1 Nbd7 12. Bc3 Qb8 13. Bf1 b5 14. cxb5 Qxb5 15. Nd2 Qb8 16. Rc1 Bc6 17. e4 Bb5 18. Bg2 a4 19. h3 Ra6 20. Kh2 Re8 21. Re3 e5 22. Nf3 c5 23. dxe5 dxe5 24. Qc2 Rd6 25. Rd1 g6 26. Ree1 Ree6 27. Rxd6 Qxd6 28. Rd1 Qc7 29. Bf1 Bxf1 30. Rxf1 Qc6 31. Nd2 Rd6 32. Nc4 Re6 33. Rd1 h5 34. f3 Kh7 35. h4 Qb5 36. Qd3 Qc6 37. Qe2 Qc7 38. Rd2 Nb8 39. Ne3 Nc6 40. Nd5 Qb7 41. Qc4 Nd4 42. Rf2 Nxd5 43. exd5 Rd6 44. Qxc5 Rxd5 45. Qc4 Rd7 46. Kg2 f6 47. Qxa4 Nxf3 48. Qb3 Nd4+ 49. Qxb7 Rxb7 50. Bxd4 exd4 51. Rd2 g5 52. Kf3 Kg6 53. Ke4 Re7+ 54. Kxd4 Kf5 55. Rf2+ Kg4 56. Rxf6 gxh4 57. gxh4 Kxh4 58. Rg6 Re2 59. Kc3 Re3+ 60. Kd2 Rg3 61. Rh6 Rg2+ 62. Kc3 Rg3+ 63. Kc4 Rg2 64. Kb3 Rg3+ 65. Ka4 Rg2 66. Ka3 Kg5 67. Rh8 Rg3+ 68. Ka4 h4 69. b4 h3 70. b5 Rg4+ 71. Ka5 Rh4 72. Rg8+ Kf6 73. Rg1 h2 74. Rh1 Ke6 75. b6 Kd6 76. Ka6 Ra4+ 77. Kb5 Rxa2 78. Rd1+ Ke5 79. b7 Rb2+ 80. Kc6 Kf4 81. Kc7 Rxb7+ 82. Kxb7 Kg3 83. Rh1 Kg2 84. Rxh2+ Kxh2 1/2-1/2


[Site "https://www.chess.com"]

[Event "Titled Tuesday Blitz February 22 Late 2022"]
[White "Elissalt Cardenas, Hector"]
[Black "Clawitter, Craig"]
[WhiteFideId "3500632"]
[BlackFideId "2023105"]
[WhiteElo "2159"]
[BlackElo "2215"]
[Result "1-0"]
[Round "08"]
[TimeControl "180+1"]
[Date "2022.02.23"]
[WhiteClock "0:00:14"]
[BlackClock "0:00:02"]

1. d4 e6 2. c4 Nf6 3. Nc3 d5 4. Nf3 dxc4 5. e3 a6 6. Bxc4 b5 7. Bd3 Bb7 8. O-O c5 9. dxc5 Bxc5 10. b3 Nbd7 11. Bb2 O-O 12. Qe2 Bxf3 13. gxf3 Rc8 14. Rfd1 Qc7 15. a4 b4 16. Ne4 Nxe4 17. fxe4 a5 18. Rac1 Ne5 19. Ba6 Ra8 20. Bd4 Nd7 21. Bb5 e5 22. Bxd7 exd4 23. exd4 Qxd7 24. Rxc5 Rac8 25. Rxa5 Rc3 26. Rg5 Rxb3 27. a5 Ra3 28. a6 Ra8 29. Rb5 b3 30. Rb7 Qa4 31. Qf3 Qc4 32. d5 Rf8 33. a7 1-0


[Site "https://www.chess.com"]

[Event "Titled Tuesday Blitz February 22 Late 2022"]
[White "Erdogdu, Mert"]
[Black "Debray, Christopher"]
[WhiteFideId "6301495"]
[BlackFideId "630810"]
[WhiteElo "2485"]
[BlackElo "2369"]
[Result "1-0"]
[Round "08"]
[TimeControl "180+1"]
[Date "2022.02.22"]
[WhiteClock "0:00:14"]
[BlackClock "0:00:01"]

1. e4 e5 2. Nf3 Nf6 3. Nxe5 d6 4. Nf3 Nxe4 5. d4 d5 6. Bd3 Nc6 7. O-O Be7 8. c4 Nf6 9. h3 O-O 10. Nc3 dxc4 11. Bxc4 Bf5 12. Re1 Bg6 13. a3 Re8 14. Bf4 Bd6 15. Ne5 Nd7 16. Nxg6 hxg6 17. Be3 Nb6 18. Ba2 Qf6 19. Qd3 Rad8 20. Rad1 Bf4 21. Bxf4 Rxe1+ 22. Rxe1 Qxf4 23. Qxg6 Nxd4 24. Re4 Qc1+ 25. Kh2 Rf8 26. Rxd4 Qxb2 27. Bxf7+ Rxf7 28. Rd8+ Rf8 29. Qe6+ Kh7 30. Rxf8 Qxc3 31. Qf5+ g6 32. Rf7+ Kh6 33. Qf4+ Kh5 34. Rh7# 1-0


[Site "https://www.chess.com"]

[Event "Titled Tuesday Blitz February 22 Late 2022"]
[White "Escudero Donoso, Felipe"]
[Black "Winkels, Marcel"]
[WhiteFideId "3410595"]
[BlackFideId "1003887"]
[WhiteElo "2184"]
[BlackElo "1900"]
[Result "1-0"]
[Round "08"]
[TimeControl "180+1"]
[Date "2022.02.23"]
[WhiteClock "0:00:14"]
[BlackClock "0:00:02"]

1. Nf3 d5 2. d4 Nf6 3. c4 c6 4. g3 g6 5. Bg2 dxc4 6. O-O Bg7 7. a4 O-O 8. Na3 Be6 9. Ng5 Bd5 10. e4 h6 11. exd5 hxg5 12. dxc6 Nxc6 13. Bxg5 Qxd4 14. Qxd4 Nxd4 15. Nxc4 Rac8 16. Ne3 b6 17. Rad1 Rfd8 18. Rfe1 Ne6 19. Bxf6 Bxf6 20. Nd5 Kg7 21. Nxf6 Kxf6 22. Bd5 Nc5 23. b3 e6 24. Bc4 e5 25. Kg2 Ne6 26. Ba6 Rxd1 27. Rxd1 Rc3 28. Bc4 Nd4 29. f4 Nxb3 30. fxe5+ Ke7 31. Bb5 Nc5 32. Rd5 Re3 33. Kf2 Ke6 34. Rd6+ Kxe5 35. Rd8 Re4 36. Ra8 Nxa4 37. Rxa7 Nc5 38. Re7+ 1-0


[Site "https://www.chess.com"]

[Event "Titled Tuesday Blitz February 22 Late 2022"]
[White "Farmani Anosheh, Armin"]
[Black "Prohorov, Olexandr"]
[WhiteFideId "24613240"]
[BlackFideId "14105578"]
[WhiteElo "2289"]
[BlackElo "1993"]
[Result "1-0"]
[Round "08"]
[TimeControl "180+1"]
[Date "2022.02.23"]
[WhiteClock "0:01:08"]
[BlackClock "0:00:51"]

1. d4 g6 2. e4 Bg7 3. c4 d6 4. Nc3 e5 5. Nge2 Nc6 6. Be3 exd4 7. Nxd4 Nge7 8. h4 O-O 9. h5 f5 10. hxg6 hxg6 11. Nxc6 bxc6 12. Qd2 Be6 13. f3 fxe4 14. fxe4 Bg4 15. Be2 Qd7 16. O-O-O Rab8 17. Bd4 Bxe2 18. Nxe2 Qe6 19. Bxg7 Qxe4 20. Bxf8 Qxc4+ 21. Nc3 1-0


[Site "https://www.chess.com"]